 Dungeon Crawl Stone Soup version 0.32-a0-361-g289a535e89 (webtiles) character file.

Game seed: 9414870263222541714

43746 promet the Nimble (level 14, -8/111 HPs)
             Began as a Gnoll Gladiator on Feb 18, 2024.
             Was a High Priest of Wu Jian.
             Mangled by a death yak (20 damage)
             ... led by a torpor snail
             ... on level 4 of the Lair of Beasts on Feb 19, 2024.
             The game lasted 03:23:24 (36675 turns).

promet the Nimble (Gnoll Gladiator)                Turns: 36675, Time: 03:23:25

Health: -8/111     AC: 21    Str: 14    XL:     14   Next: 25%
Magic:  16/27      EV: 15    Int: 12    God:    Wu Jian [*****.]
Gold:   1072       SH:  0    Dex: 14    Spells: 17/31 levels left

rFire   . . .        a - +2 war axe (heavy)
rCold   . . .        (no shield)
rNeg    . . .        T - +0 swamp dragon scales
rPois   +            O - +1 helmet
rElec   .            P - scarf {repulsion}
rCorr   .            H - +1 pair of gloves
SInv    .            I - +1 pair of boots
Will    +....        (no amulet)
Stlth   ++++         l - +4 ring of protection
HPRegen 0.38/turn    (no ring)
MPRegen 0.20/turn

%: repel missiles
@: about to teleport, hasted, inugami summoned, very quick
A: fangs 1, strong nose, distributed training
a: Renounce Religion, Wall Jump, Serpent's Lash, Heavenly Storm


You were on level 4 of the Lair of Beasts.
You worshipped Wu Jian.
Wu Jian was extremely pleased with you.
You visited 4 branches of the dungeon, and saw 17 of its levels.
You also visited: Sewer.

You collected 1111 gold pieces.
You spent 39 gold pieces at shops.

Inventory:

Hand Weapons
 a - a +2 heavy war axe (weapon)
 b - a +3 sling of draining
 c - a +2 heavy trident
 d - a +3 short sword of freezing
 e - a +1 falchion of electrocution
 u - a +3 dagger of venom
 E - a +1 scimitar of flaming
 M - a +2 mace of protection
 R - a +0 antimagic sling
 X - a +2 shortbow
 Z - a +4 morningstar
Missiles
 h - 71 stones
 q - 4 javelins
 r - 34 poisoned darts (quivered)
 t - 16 boomerangs
 G - 5 darts of dispersal
Armour
 g - a +0 chain mail
 w - +0 steam dragon scales
 H - a +1 pair of gloves (worn)
 I - a +1 pair of boots (worn)
 O - a +1 helmet (worn)
 P - a scarf of repulsion (worn)
 T - +0 swamp dragon scales (worn)
Magical Staves
 C - a staff of conjuration
Jewellery
 k - an amulet of regeneration
 l - a +4 ring of protection (left hand)
 v - an amulet of guardian spirit
 S - a ring of ice
 Y - a ring of ice
Wands
 n - a wand of charming (7)
Scrolls
 i - 9 scrolls of teleportation
 j - a scroll of fog
 o - 2 scrolls of amnesia
 p - 4 scrolls of noise
 s - a scroll of immolation
 B - 9 scrolls of identify
 F - a scroll of revelation
 K - a scroll of torment
Potions
 f - 3 potions of mutation
 m - a potion of haste
 x - a potion of brilliance
 z - 4 potions of cancellation
 A - a potion of magic
 D - a potion of berserk rage
 J - 4 potions of attraction
 L - 5 potions of curing
 N - a potion of lignification
 Q - a potion of ambrosia {unknown}
 U - 2 potions of invisibility
 V - a potion of heal wounds
 W - a potion of might


   Skills:
 + Level 10.5 Fighting
 + Level 9.4 Short Blades
 + Level 9.4 Long Blades
 + Level 9.4 Axes
 + Level 9.4 Maces & Flails
 + Level 11.4 Polearms
 + Level 9.4 Staves
 + Level 9.4 Ranged Weapons
 + Level 10.5 Throwing
 + Level 9.4 Armour
 + Level 11.4 Dodging
 + Level 9.4 Stealth
 + Level 9.4 Shields
 + Level 9.4 Unarmed Combat
 + Level 9.4 Spellcasting
 + Level 7.8 Conjurations
 + Level 7.8 Hexes
 + Level 7.8 Summonings
 + Level 7.8 Necromancy
 + Level 7.8 Translocations
 + Level 7.8 Fire Magic
 + Level 7.8 Ice Magic
 + Level 7.8 Air Magic
 + Level 7.8 Earth Magic
 + Level 7.8 Alchemy
 + Level 10.2 Invocations
 + Level 9.4 Evocations
 + Level 8.6 Shapeshifting


You had 17 spell levels left.
You knew the following spells:

 Your Spells              Type           Power      Damage    Failure   Level
a - Call Imp              Summ           48%        N/A       1%          2
b - Call Canine Familiar  Summ           24%        N/A       2%          3
c - Summon Blazeheart Go  Fire/Summ      24%        N/A       9%          4
d - Borgnjor's Vile Clut  Necr/Erth      12%        N/A       26%         5

Your spell library contained the following spells:

 Spells                   Type           Power      Damage    Failure   Level
 Summon Small Mammal      Summ           96%        N/A       1%          1
 Sublimation of Blood     Necr           24%        N/A       1%          2
 Alistair's Intoxication  Alch           16%        N/A       26%         5
 Iskenderun's Battlesphe  Conj           24%        2d8       26%         5
 Bombard                  Conj/Erth      12%        9d3       80%         6
 Eringya's Noxious Bog    Alch           12%        4d6       80%         6
 Orb of Destruction       Conj           12%        9d7       100%        7
 Spellforged Servitor     Conj/Summ      12%        N/A       100%        7
 Summon Hydra             Summ           12%        N/A       100%        7


Dungeon Overview and Level Annotations

Branches:
Dungeon (10/15)            Temple (1/1) D:4            Lair (5/5) D:8
  Swamp (0/4) Lair:2        Snake (1/4) Lair:2          Orc (0/2) D:10
  Sewer (visited)
  Slime: Lair:4-5

Altars:
Ashenzari
Cheibriados
Dithmenos
Elyvilon
Fedhas
Gozag
Hepliaklqana
Kikubaaqudgha
Makhleb
Nemelex Xobeh
Okawaru
Qazlal
Ru
Sif Muna
Trog
Uskayaw
Vehumet
Wu Jian
Xom
Yredelemnul
Zin
The Shining One

Shops:
D:1 *


Innate Abilities, Weirdness & Mutations

You have very sharp teeth.
Your uncanny sense of smell can sniff out nearby items.
Your experience applies equally to all skills.


Message History

The death yak gores you but does no damage.
You spin to attack the death yak, but your attack speed is too slow for a blow to land.
Your cerulean imp hits the death yak but does no damage.
Your inugami barely misses the death yak.
The death yak gores you. x2
Your cerulean imp hits the death yak from afar with a -2 spear.
You hit the death yak but do no damage. Your bite misses the death yak.
The death yak is lightly wounded.
You hit the death yak but do no damage. Your inugami hits the death yak.
The death yak barely misses you. The death yak completely misses you.
Your cerulean imp closely misses the death yak.
Your inugami hits the death yak. The death yak gores your inugami.
The death yak barely misses you.
You hit the death yak.
You bite the death yak, but do no damage.
The death yak is lightly wounded.
You hit the death yak.
Your cerulean imp barely misses the death yak.
Your inugami hits the death yak. The death yak misses you.
The death yak gores you!
Your cerulean imp hits the death yak but does no damage.
You hit the death yak but do no damage.
The death yak is lightly wounded.
You completely miss the death yak. Your inugami hits the death yak.
The death yak gores you.
The death yak gores you but does no damage.
Your cerulean imp hits the death yak but does no damage.
Your inugami hits the death yak! The death yak gores you. x2
As you read the scroll of teleportation, it crumbles to dust.
You feel strangely unstable.
Your cerulean imp hits the death yak but does no damage.
Your inugami hits the death yak. The death yak gores you!
* * * LOW HITPOINT WARNING * * *
The death yak gores you!
* * * LOW HITPOINT WARNING * * *
Okay, then.
You feel yourself speed up.
Your cerulean imp hits the death yak but does no damage.
Your inugami hits the death yak. The death yak gores you!!
You die...

##>......P............#.....###
#.....................##.....#
##.....................[.....#
#.....................#....###
##...............#.....P......#
#......P....................###
#P........≈~≈~...............#
##......~~~≈≈~..............###
#......~≈~≈≈Y@..#.....##...#P#
#..##.~≈≈≈≈~Y..P.#...##.......
##.#..≈≈≈≈≈h.....#....##......
##....~≈≈≈≈5>9.##......#..|...
####.....~≈≈≈≈~....#.............
#.###.....~≈≈≈≈..................
##........~≈~~.......[...........
...........~~..#...##............
..................#####...#......


You could see 2 death yaks, a friendly blazeheart golem (summoned, paralysed), a
friendly cerulean imp (summoned) and a friendly inugami (summoned).

Vanquished Creatures
  4 hydras
  Harold (D:9)
  A boulder beetle (Lair:5)
  3 death yaks
  A skyshark (Lair:4)
  Nergalle (Lair:2)
  Pikel (D:8)
  3 oklob plants
  2 meliai (Lair:4)
  Joseph (D:7)
  6 black mambas
  5 elephants
  7 cane toads
  Maggie (D:8)
  3 rime drakes
  7 komodo dragons
  A kobold demonologist (D:10)
  3 polar bears
  Grinder (D:6)
  A queen bee (Lair:4)
  A hornet (D:10)
  15 blink frogs
  A wraith (D:9)
  49 yaks
  10 wyverns
  2 steam dragons
  Menkaure (D:5)
  4 basilisks
  2 swamp worms (Lair:2)
  21 water moccasins
  3 orc warriors
  2 sky beasts (D:7)
  An ice beast (D:7)
  2 ogres (D:4)
  10 wolves
  4 centaurs
  4 phantoms
  4 kobold brigands
  2 brain worms (Sewer)
  A gnoll sergeant (D:9)
  6 bullfrogs
  3 scorpions
  9 wights
  31 killer bees
  An electric eel (Lair:4)
  2 howler monkeys
  A crimson imp (D:9)
  2 jellies
  A gnoll bouda (D:7)
  A hound (D:5)
  Terence (D:2)
  3 iguanas
  10 orc wizards
  5 sleepcaps
  4 hound skeletons (D:5)
  A howler monkey skeleton (D:5)
  10 gnolls
  19 adders
  2 river rats
  A white imp (D:7)
  2 ufetubi (D:6)
  2 adder skeletons (D:5)
  3 dart slugs
  A ribbon worm (D:3)
  25 orcs
  8 endoplasms
  2 giant cockroaches
  6 goblins
  7 hobgoblins
  22 kobolds
  3 quokkas
  8 ball pythons
  7 bats
  3 frilled lizards
  14 rats
418 creatures vanquished.

Vanquished Creatures (collateral kills)
  Erica (D:9)
  2 death yaks
  2 black mambas
  A meliai (Lair:4)
  3 blink frogs (Lair:3)
  A water moccasin (Lair:2)
  A wolf (Lair:4)
  4 killer bees (Lair:4)
  A hell rat (Lair:4)
  A quokka (D:3)
17 creatures vanquished.

Vanquished Creatures (others)
  2 blazeheart cores
2 creatures vanquished.

Grand Total: 437 creatures vanquished

Notes
Turn   | Place    | Note
-------+----------+-------------------------------------------
     0 | D:1      | promet the Gnoll Gladiator began the quest for the Orb.
     0 | D:1      | Reached XP level 1. HP: 20/20 MP: 1/1
    88 | D:1      | Reached XP level 2. HP: 26/26 MP: 2/2
   470 | D:1      | Reached XP level 3. HP: 31/31 MP: 3/3
   701 | D:1      | Found a faded altar of an unknown god.
   754 | D:1      | Found Epouckab's General Store.
   764 | D:1      | Bought a scroll of teleportation for 39 gold pieces
   844 | D:2      | Found an iron altar of Okawaru.
   847 | D:2      | Reached skill level 1 in Invocations
   861 | D:2      | Reached skill level 1 in Short Blades
   861 | D:2      | Reached skill level 1 in Long Blades
   861 | D:2      | Reached skill level 1 in Axes
   861 | D:2      | Reached skill level 1 in Maces & Flails
   861 | D:2      | Reached skill level 1 in Staves
   861 | D:2      | Reached skill level 1 in Ranged Weapons
   861 | D:2      | Reached skill level 1 in Armour
   861 | D:2      | Reached skill level 1 in Stealth
   861 | D:2      | Reached skill level 1 in Shields
   861 | D:2      | Reached skill level 1 in Unarmed Combat
   861 | D:2      | Reached skill level 1 in Spellcasting
   861 | D:2      | Reached skill level 1 in Evocations
   976 | D:1      | Reached skill level 1 in Shapeshifting
   976 | D:1      | Reached XP level 4. HP: 35/38 MP: 5/5
  1136 | D:2      | Reached skill level 1 in Conjurations
  1136 | D:2      | Reached skill level 1 in Hexes
  1136 | D:2      | Reached skill level 1 in Summonings
  1136 | D:2      | Reached skill level 1 in Necromancy
  1136 | D:2      | Reached skill level 1 in Translocations
  1136 | D:2      | Reached skill level 1 in Fire Magic
  1136 | D:2      | Reached skill level 1 in Ice Magic
  1136 | D:2      | Reached skill level 1 in Air Magic
  1136 | D:2      | Reached skill level 1 in Earth Magic
  1136 | D:2      | Reached skill level 1 in Alchemy
  1315 | D:2      | Noticed Terence
  1343 | D:2      | Killed Terence
  1344 | D:2      | Reached XP level 5. HP: 42/43 MP: 5/7
  2525 | D:3      | Found a bloodstained altar of Trog.
  2783 | D:4      | Noticed an ogre
  2860 | D:4      | Killed an ogre
  2861 | D:4      | Reached skill level 5 in Fighting
  2861 | D:4      | Reached skill level 5 in Throwing
  2861 | D:4      | Reached XP level 6. HP: 25/51 MP: 7/9
  3225 | D:4      | Found a blossoming altar of Fedhas.
  3274 | D:4      | Found a staircase to the Ecumenical Temple.
  3286 | Temple   | Entered the Ecumenical Temple
  3322 | Temple   | Became a worshipper of the Wu Jian Council
  4087 | D:4      | Noticed an ice beast
  4227 | D:4      | Reached XP level 7. HP: 18/56 MP: 10/10
  4517 | D:5      | Entered Level 5 of the Dungeon
  5068 | D:5      | Reached * piety under Wu Jian
  5099 | D:5      | Found a glowing drain.
  5103 | Sewer    | Entered a sewer
  5248 | Sewer    | Reached XP level 8. HP: 59/63 MP: 12/12
  5696 | D:5      | Noticed Menkaure
  5708 | D:5      | Killed Menkaure
  6880 | D:6      | Found a snail-covered altar of Cheibriados.
  6999 | D:6      | Noticed Grinder
  7010 | D:6      | Killed Grinder
  7084 | D:6      | Reached ** piety under Wu Jian
  7085 | D:6      | Reached XP level 9. HP: 69/69 MP: 14/14
  8653 | D:7      | Noticed Joseph
  8670 | D:7      | Killed Joseph
  9192 | D:7      | Reached skill level 5 in Invocations
 10312 | D:7      | Found a broken altar of Ashenzari.
 10583 | D:8      | Reached skill level 5 in Short Blades
 10583 | D:8      | Reached skill level 5 in Long Blades
 10583 | D:8      | Reached skill level 5 in Axes
 10583 | D:8      | Reached skill level 5 in Maces & Flails
 10583 | D:8      | Reached skill level 5 in Staves
 10583 | D:8      | Reached skill level 5 in Ranged Weapons
 10583 | D:8      | Reached skill level 5 in Armour
 10583 | D:8      | Reached skill level 5 in Stealth
 10583 | D:8      | Reached skill level 5 in Shields
 10583 | D:8      | Reached skill level 5 in Unarmed Combat
 10583 | D:8      | Reached skill level 5 in Spellcasting
 10583 | D:8      | Reached skill level 5 in Evocations
 10583 | D:8      | Reached XP level 10. HP: 52/77 MP: 17/17
 12085 | D:8      | Found a staircase to the Lair.
 12115 | D:8      | Noticed Maggie
 12153 | D:8      | Killed Maggie
 12153 | D:8      | Reached *** piety under Wu Jian
 12154 | D:8      | Reached skill level 5 in Shapeshifting
 13092 | D:9      | Noticed Pikel
 13284 | D:9      | Reached skill level 5 in Conjurations
 13284 | D:9      | Reached skill level 5 in Hexes
 13284 | D:9      | Reached skill level 5 in Summonings
 13284 | D:9      | Reached skill level 5 in Necromancy
 13284 | D:9      | Reached skill level 5 in Translocations
 13284 | D:9      | Reached skill level 5 in Fire Magic
 13284 | D:9      | Reached skill level 5 in Ice Magic
 13284 | D:9      | Reached skill level 5 in Air Magic
 13284 | D:9      | Reached skill level 5 in Earth Magic
 13284 | D:9      | Reached skill level 5 in Alchemy
 13289 | D:9      | Reached XP level 11. HP: 39/85 MP: 20/20
 13875 | D:9      | Noticed Erica
 13894 | D:9      | Killed Erica
 13942 | D:9      | Found a stormy altar of Qazlal.
 14337 | D:8      | Killed Pikel
 14559 | D:9      | Reached **** piety under Wu Jian
 15065 | D:9      | Found a burning altar of Makhleb.
 15065 | D:9      | Found a radiant altar of Vehumet.
 15245 | D:9      | Noticed Harold
 15782 | D:9      | Killed Harold
 16465 | D:10     | Entered Level 10 of the Dungeon
 16995 | D:10     | Learned a level 2 spell: Call Imp
 16999 | D:10     | Learned a level 3 spell: Call Canine Familiar
 17004 | D:10     | Learned a level 4 spell: Summon Blazeheart Golem
 17298 | D:10     | Found a staircase to the Orcish Mines.
 17306 | D:10     | Found a hazy altar of Hepliaklqana.
 17306 | D:10     | Found a glowing silver altar of Zin.
 17314 | D:10     | Found a sacrificial altar of Ru.
 17317 | D:10     | Found a glowing golden altar of the Shining One.
 17319 | D:10     | Found a shimmering altar of Xom.
 18118 | Lair:1   | Entered Level 1 of the Lair of Beasts
 19180 | D:8      | Reached XP level 12. HP: 39/94 MP: 22/22
 19807 | D:8      | Reached ***** piety under Wu Jian
 21143 | D:8      | Reached skill level 10 in Polearms
 21143 | D:8      | Reached skill level 10 in Dodging
 23254 | Lair:2   | Found a dark tunnel.
 23424 | Lair:2   | Noticed Nergalle
 23430 | Lair:2   | Killed Nergalle
 23680 | Lair:2   | Noticed a five-headed hydra
 24072 | Lair:1   | Killed a one-headed hydra
 24412 | Lair:2   | Noticed a four-headed hydra
 24432 | Lair:2   | Killed a one-headed hydra
 25303 | Lair:2   | Found a staircase to the Snake Pit.
 25508 | Lair:2   | Noticed an eight-headed hydra
 25519 | Lair:2   | Killed a four-headed hydra
 25520 | Lair:2   | Reached XP level 13. HP: 87/101 MP: 25/25
 25927 | Lair:2   | Found a staircase to the Swamp.
 26429 | Snake:1  | Entered Level 1 of the Snake Pit
 30565 | Lair:4   | Learned a level 5 spell: Borgnjor's Vile Clutch
 30668 | Lair:4   | Reached skill level 10 in Fighting
 30668 | Lair:4   | Reached skill level 10 in Throwing
 33435 | Lair:4   | Reached skill level 10 in Invocations
 33435 | Lair:4   | Reached XP level 14. HP: 50/110 MP: 27/27
 36075 | Lair:5   | Entered Level 5 of the Lair of Beasts
 36675 | Lair:4   | Mangled by a death yak

Illustrated notes

Levels and vault maps discovered:
D:1:      reono_arrival_mine, layout_loops_ring,
          hellmonk_ecumenical_altar_heavens_door, serial_shops, shop,
          minmay_split_cup_small
D:2:      cheibrodos_old_hovel, layout_rooms, basic_altar, uniq_terence
D:3:      layout_rooms, mainiacjoe_overflow_alcove_1
D:4:      layout_loops_corners, mainiacjoe_overflow_paths,
          minmay_temple_entry_drinking_statues
D:5:      nicolae_cairo_tiling_very_big, layout_rooms,
          mainiacjoe_ossuary_entry_find_the_door, gup_sewer_entry_spiral,
          uniq_menkaure
D:6:      layout_cave_pools, kennysheep_slug_shrine,
          nicolae_twisty_statue_hallways, uniq_grinder
D:7:      layout_basic, kennysheep_little_box, uniq_joseph
D:8:      layout_basic, minmay_lair_entry_grove, hangedman_decor_lopped,
          uniq_maggie
D:9:      layout_gridville, grunt_temple_overflow_lords_of_destruction,
          nicolae_qazlal_eye_of_the_storm, dk_vineyard_2, uniq_harold,
          uniq_pikel, uniq_erica
D:10:     layout_basic, chequers_temple_overflow_minitemple, orc_0_dummy
Temple:   hellmonk_temple_beads
Lair:1:   layout_loops_ring, chequers_serial_rivers_large_a,
          grunt_forest_large_clearings, serial_bayou_shore_b,
          infiniplex_staircase_pool_2
Lair:2:   layout_chaotic_city, palyth_hydra_swamp_entry,
          minmay_snake_entry_six_corridors, nicolae_volcano_entry_hallway,
          uniq_nergalle
Lair:3:   layout_roguey, grunt_megastairs_2
Lair:4:   regret_index_harrowing_hell_hive, layout_gridlike,
          gauntlet_entry_generic, infiniplex_staircase_pool
Lair:5:   evil_forest, layout_gridlike, minmay_slime_entry_pillars
Snake:1:  layout_cave_pods, nicolae_snake_gridmaze_spiral, minmay_snake_pond

Skill      XL: |  1  2  3  4  5  6  7  8  9 10 11 12 13 |
---------------+----------------------------------------+-----
Invocations    | 1 2 3 4 5 6 7 8 10 | 10.2
Short Blades   | 1 2 3 5 6 7 8 9 |  9.4
Long Blades    | 1 2 3 5 6 7 8 9 |  9.4
Axes           | 1 2 3 5 6 7 8 9 |  9.4
Maces & Flails | 1 2 3 5 6 7 8 9 |  9.4
Staves         | 1 2 3 5 6 7 8 9 |  9.4
Ranged Weapons | 1 2 3 5 6 7 8 9 |  9.4
Armour         | 1 2 3 5 6 7 8 9 |  9.4
Stealth        | 1 2 3 5 6 7 8 9 |  9.4
Shields        | 1 2 3 5 6 7 8 9 |  9.4
Unarmed Combat | 1 2 3 5 6 7 8 9 |  9.4
Spellcasting   | 1 2 3 5 6 7 8 9 |  9.4
Evocations     | 1 2 3 5 6 7 8 9 |  9.4
Shapeshifting  | 1 2 3 4 5 6 7 8 |  8.6
Conjurations   | 1 2 3 4 5 6 7 |  7.8
Hexes          | 1 2 3 4 5 6 7 |  7.8
Summonings     | 1 2 3 4 5 6 7 |  7.8
Necromancy     | 1 2 3 4 5 6 7 |  7.8
Translocations | 1 2 3 4 5 6 7 |  7.8
Fire Magic     | 1 2 3 4 5 6 7 |  7.8
Ice Magic      | 1 2 3 4 5 6 7 |  7.8
Air Magic      | 1 2 3 4 5 6 7 |  7.8
Earth Magic    | 1 2 3 4 5 6 7 |  7.8
Alchemy        | 1 2 3 4 5 6 7 |  7.8
Fighting       | 5 6 7 8 9 10 | 10.5
Throwing       | 5 6 7 8 9 10 | 10.5
Polearms       | 7 8 9 10 11 | 11.4
Dodging        | 7 8 9 10 11 | 11.4

Action                     |  1- 3 |  4- 6 |  7- 9 | 10-12 | 13-15 || total
---------------------------+-------+-------+-------+-------+-------++-------
  Melee: Trident           |    79 |   208 |   351 |    52 |    17 ||   707
         Bite              |     4 |    13 |    55 |   109 |    53 ||   234
         Dagger            |       |       |    70 |   271 |    25 ||   366
         War axe           |       |       |    42 |   250 |   327 ||   619
         Falchion          |       |       |     4 |    57 |     2 ||    63
         Battleaxe         |       |       |       |   108 |       ||   108
         Mace              |       |       |       |     6 |       ||     6
         Staff             |       |       |       |     8 |       ||     8
         Scimitar          |       |       |       |    24 |     6 ||    30
         Short sword       |       |       |       |       |    15 ||    15
   Fire: Shortbow          |       |    12 |    78 |    75 |       ||   165
         Sling             |       |       |       |   156 |   258 ||   414
  Throw: Stone             |       |     3 |       |       |       ||     3
         Throwing net      |       |     3 |     2 |       |       ||     5
         Javelin           |       |     1 |       |       |       ||     1
         Dart              |       |     4 |       |     9 |     6 ||    19
         Boomerang         |       |       |     2 |     7 |     7 ||    16
   Cast: Summon Blazeheart |       |       |       |     3 |    14 ||    17
         Call Imp          |       |       |       |     1 |    36 ||    37
         Call Canine Famil |       |       |       |       |    24 ||    24
         Borgnjor's Vile C |       |       |       |       |     6 ||     6
Ability: Lunge             |       |     1 |     3 |    13 |     3 ||    20
         Whirlwind         |       |       |     3 |    60 |    14 ||    77
         Wall Jump         |       |       |       |    11 |     9 ||    20
  Evoke: Wand              |       |       |       |     3 |       ||     3
    Use: Scroll            |     5 |     7 |     6 |    14 |     4 ||    36
         Potion            |       |     2 |     9 |     8 |     3 ||    22
   Stab: Held in net/web   |       |     3 |     2 |       |       ||     5
         Invisible         |       |       |     3 |       |       ||     3
         Sleeping          |       |       |       |     3 |     1 ||     4
         Distracted        |       |       |       |     2 |     4 ||     6
 Armour: Leather armour    |    13 |       |       |       |       ||    13
         Chain mail        |    44 |   163 |   391 |       |       ||   598
         Steam dragon scal |       |       |    31 |   272 |       ||   303
         Swamp dragon scal |       |       |       |   363 |   581 ||   944
  Dodge: Dodged            |    39 |    68 |   201 |   656 |   596 ||  1560
         Repelled          |       |       |       |     2 |     2 ||     4

Table legend: (Time is in decaauts)
 A = Elapsed time spent in this place.
 B = Non-inter-level travel time spent in this place.
 C = Inter-level travel time spent in this place.
 D = Time resting spent in this place.
 E = Time spent auto-exploring this place.
 F = Levels seen in this place.
 G = Mean time per level.
                   A        B        C        D        E       F      G
               +--------+--------+--------+--------+--------+-----+--------+
         Total |  37065 |  36016 |   1049 |  15996 |   3751 |  18 | 2059.2 |
       Dungeon |  19597 |  18921 |    676 |   7758 |   2273 |  10 | 1959.7 |
        Temple |     70 |     70 |      0 |      0 |      0 |   1 |   70.0 |
          Lair |  16869 |  16496 |    373 |   8190 |   1308 |   5 | 3373.8 |
     Snake Pit |      1 |      1 |      0 |      0 |      0 |   1 |    1.0 |
         Sewer |    525 |    525 |      0 |     47 |    168 |   1 |  525.0 |
               +--------+--------+--------+--------+--------+-----+--------+

Top non-repeatable levels by time:
  Lair:4: 5667 daAuts
     D:8: 4969 daAuts
  Lair:3: 4162 daAuts
  Lair:1: 3922 daAuts
     D:9: 3013 daAuts
  Lair:2: 2594 daAuts
     D:7: 2454 daAuts
     D:5: 1897 daAuts
     D:4: 1582 daAuts
    D:10: 1539 daAuts
     D:6: 1279 daAuts
     D:3: 1092 daAuts
     D:1: 1050 daAuts
     D:2: 718 daAuts
   Sewer: 525 daAuts
